 Dungeon Crawl Stone Soup version 0.23.0-3-gf3c87f2 (webtiles) character file.

Game seed: 15880507935812330153

371 Fang the Skirmisher (level 6, 0/60 HPs)
             Began as a Gargoyle Berserker on Feb 21, 2019.
             Was a Priest of Trog.
             Slain by an ogre
             ... wielding a +0 giant club
              (20 damage)
             ... on level 4 of the Dungeon.
             The game lasted 00:02:49 (2874 turns).

Fang the Skirmisher (Gargoyle Berserker)            Turns: 2874, Time: 00:02:49

Health: 0/60       AC: 13    Str: 27    XL:     6   Next: 70%
Magic:  6/6        EV:  9    Int:  8    God:    Trog [***...]
Gold:   145        SH:  0    Dex:  9    Spells: 5/5 levels left

rFire    . . .     SeeInvis .   a - +0 hand axe
rCold    . . .     Gourm    .   (no shield)
rNeg     + . .     Faith    .   h - +0 chain mail
rPois    ∞         Spirit   .   (no helmet)
rElec    +         Reflect  .   (no cloak)
rCorr    .         Harm     .   (no gloves)
MR       +....                  (no boots)
Stlth    ..........             (no amulet)
HPRegen  0.20/turn              o - ring of protection from magic
MPRegen  0.10/turn              i - ring of attention (curse)

@: berserking, very quick
A: negative energy resistance 1, electricity resistance, unbreathing,
petrification resistance, rot immunity, AC +4
a: Berserk, Trog's Hand, Renounce Religion


You were on level 4 of the Dungeon.
You worshipped Trog.
Trog was most pleased with you.
You were near starving.

You visited 1 branch of the dungeon, and saw 4 of its levels.

You collected 145 gold pieces.

Inventory:

Hand Weapons
 a - a +0 hand axe (weapon)
Armour
 h - a +0 chain mail (worn)
Jewellery
 i - a cursed ring of attention (right hand)
 j - an uncursed ring of protection from cold
 o - a ring of protection from magic (left hand)
Scrolls
 d - 6 scrolls of identify {unknown}
 e - a scroll of blinking {unknown}
 f - 3 scrolls of remove curse {unknown}
 l - a scroll of random uselessness {unknown}
 m - a scroll of fear {unknown}
 p - a scroll of teleportation {unknown}
 q - 2 scrolls of fog {unknown}
Potions
 b - a potion of might {unknown}
 k - a potion of agility {unknown}
 n - a potion of curing {unknown}
 r - a potion of degeneration {unknown}
Comestibles
 c - 13 rations


   Skills:
 + Level 4.8 Fighting
 + Level 4.0 Axes
 + Level 4.2 Armour
 + Level 3.1 Dodging


You had 5 spell levels left.
You didn't know any spells.
Your spell library was empty.

Dungeon Overview and Level Annotations

Branches:
Dungeon (4/15)             Temple (0/1) D:4

Altars:
Elyvilon
Gozag
Kikubaaqudgha
Makhleb
Qazlal


Innate Abilities, Weirdness & Mutations

You are resistant to torment.
Your stone body is resilient. (AC +4)
You are immune to poison.
You resist negative energy. (rN+)
You are resistant to electric shocks. (rElec)
You can survive without breathing.
You are immune to petrification.
You are immune to rotting.


Message History

You are too injured to fight recklessly!
You are too injured to fight recklessly!
You are too injured to fight recklessly!
You are too injured to fight recklessly!
You are too injured to fight recklessly!
You are too injured to fight recklessly!
A red film seems to cover your vision as you go berserk!
You feel yourself moving faster!
You feel mighty!
You are near starving!
The ogre hits you with a +0 giant club.
You barely miss the ogre. You closely miss the ogre.
The ogre completely misses you.
Your chain mail prevents you from hitting the ogre.
You slash the ogre!
The ogre is moderately wounded.
The ogre closely misses you.
You hit the ogre.
The ogre is moderately wounded.
The ogre hits you with a +0 giant club!!
You die...

.'............
.#####.###### .# #.#
.# #.############# ##
#.....##......#
######.##......# #
................# .
..#.##....#.#.#.#
#....##.#.#@#
...#........O..#
#.....#.##.#.##.#....
#..........#....#..#.#
##...##.#.#...#...
...# #
......#.#.>.#.##.#..#
# #..#..... .. ..# #
#..#.... .# .# #
#....##.#.#.


You could see an ogre.

Vanquished Creatures
  An ogre (D:4)
  A hound (D:4)
  2 orc wizards (D:4)
  An orc priest (D:4)
  A howler monkey skeleton (D:4)
  6 adders
  2 oozes
  2 worms
  3 dart slugs
  A leopard gecko (D:1)
  5 orcs (D:3)
  3 giant cockroaches
  10 goblins
  5 hobgoblins
  9 jackals
  8 kobolds
  A quokka (D:3)
  3 ball pythons
  9 bats
  3 frilled lizards
  10 rats
86 creatures vanquished.

Notes
Turn   | Place    | Note
-------+----------+-------------------------------------------
     0 | D:1      | Fang the Gargoyle Berserker began the quest for the Orb.
     0 | D:1      | Reached XP level 1. HP: 14/14 MP: 1/1
    70 | D:1      | Reached XP level 2. HP: 16/19 MP: 2/2
   422 | D:1      | Reached XP level 3. HP: 22/23 MP: 3/3
   473 | D:1      | Reached ** piety under Trog
  1005 | D:2      | Reached XP level 4. HP: 23/29 MP: 4/4
  1463 | D:3      | Reached XP level 5. HP: 24/33 MP: 5/5
  1541 | D:3      | Found a stormy altar of Qazlal.
  1542 | D:3      | Found a burning altar of Makhleb.
  1542 | D:3      | Found a white marble altar of Elyvilon.
  1543 | D:3      | Found an ancient bone altar of Kikubaaqudgha.
  1698 | D:3      | Reached *** piety under Trog
  1709 | D:3      | Found an opulent altar of Gozag.
  1994 | D:4      | Noticed an ogre
  2008 | D:4      | Killed an ogre
  2008 | D:4      | Reached XP level 6. HP: 4/39 MP: 6/6
  2013 | D:4      | Found a staircase to the Ecumenical Temple.
  2874 | D:4      | Slain by an ogre

Skill      XL: |  1  2  3  4  5  6 |
---------------+-------------------+-----
Axes           | 3 4 |  4.0
Dodging        | 2 3 |  3.1
Armour         | 3 4 |  4.2
Fighting       | 4 |  4.8

Action                   |  1- 3 |  4- 6 || total
-------------------------+-------+-------++-------
Melee: Hand axe          |   114 |   182 ||   296
Invok: Berserk           |       |     2 ||     2
  Eat: Chunk             |       |     7 ||     7
Armor: Animal skin       |    15 |       ||    15
       Chain mail        |    43 |   147 ||   190
Dodge: Dodged            |    58 |   127 ||   185
